 Dungeon Crawl Stone Soup version 0.30-a0-339-g89bb51ec76 (webtiles) character file.

Game seed: 11798918566804697501

251 hikkokomori the Digger (level 5, -2/38 HPs)
             Began as a Demigod Earth Elementalist on Nov 1, 2022.
             Slain by Duvessa
             ... wielding a +3 rapier of protection
              (18 damage)
             ... on level 4 of the Dungeon.
             The game lasted 00:04:55 (2837 turns).

hikkokomori the Digger (Demigod Earth Elementalist) Turns: 2837, Time: 00:04:55

Health: -2/38      AC:  2    Str:  9    XL:     5   Next: 57%
Magic:  10/13      EV: 16    Int: 21    God:
Gold:   179        SH:  5    Dex: 14    Spells: 5/11 levels left

rFire   . . .      SeeInvis .    x - +2 mace (vorpal)
rCold   . . .      Faith    .    (no shield)
rNeg    . . .      Spirit   .    a - +0 robe
rPois   +          Reflect  +    (no helmet)
rElec   .          Harm     .    (no cloak)
rCorr   .          Rampage  .    (no gloves)
Will    .....                    (no boots)
Stlth   ++........               s - amulet of reflection
HPRegen 0.26/turn                v - +4 ring of evasion
MPRegen 0.13/turn                t - ring of poison resistance

@: about to teleport
A: high MP 1, forlorn, divine attributes
a: no special abilities


You were on level 4 of the Dungeon.
You visited 1 branch of the dungeon, and saw 4 of its levels.

You collected 179 gold pieces.

Inventory:

Hand Weapons
 h - a +0 short sword of holy wrath
 x - a +2 vorpal mace (weapon)
Armour
 a - a +0 robe (worn)
Jewellery
 s - an amulet of reflection (around neck)
 t - a ring of poison resistance (right hand)
 u - a ring of protection from cold
 v - a +4 ring of evasion (left hand)
Scrolls
 d - a scroll of blinking {unknown}
 e - a scroll of acquirement {unknown}
 i - a scroll of enchant weapon {unknown}
 o - a scroll of butterflies
 p - a scroll of amnesia {unknown}
 q - a scroll of immolation {unknown}
 w - a scroll of noise {unknown}
Potions
 b - a potion of magic
 c - 2 potions of attraction
 g - a potion of heal wounds
 j - 2 potions of curing
 k - 2 potions of haste
 l - a potion of cancellation
 m - a potion of berserk rage {unknown}
 n - a potion of flight


   Skills:
 - Level 1.7 Dodging
 - Level 1.7 Stealth
 + Level 3.8 Spellcasting
 - Level 0.8 Transmutations
 + Level 4.7 Earth Magic


You had 5 spell levels left.
You knew the following spells:

 Your Spells              Type           Power      Damage    Failure   Level
a - Sandblast             Erth           46%        2d11      1%          1
b - Stone Arrow           Conj/Erth      26%        3d8       14%         3
c - Passwall              Tmut/Erth      12%        N/A       6%          2

Your spell library contained the following spells:

 Spells                   Type           Power      Damage    Failure   Level
 Ensorcelled Hibernation  Hex/Ice        8%         N/A       19%         2
 Swiftness                Air            4%         N/A       36%         3
 Petrify                  Tmut/Erth      15%        N/A       36%         4
 Borgnjor's Revivificati  Necr           2%         N/A       100%        8
 Necromutation            Tmut/Necr      2%         N/A       100%        8
 Death's Door             Necr           2%         N/A       100%        9


Dungeon Overview and Level Annotations

Branches:
Dungeon (4/15)
 Temple: D:4-7

Annotations:
D:4 Duvessa


Innate Abilities, Weirdness & Mutations

You have an increased reservoir of magic. (+10% MP)
You shall have no god before yourself.
Your divine heritage dramatically boosts your attributes as you level up.


Message History

Duvessa says, "When magic and the sword combine, nothing stands against them."
Duvessa closely misses your butterfly.
Dowan hits your butterfly with a +0 dagger.
Your butterfly dies!
Your butterfly disappears in a burst of colours!
Casting: Sandblast (safe; 1% risk of failure)
Confirm with . or Enter, or press ? or * to list all spells.
Aiming: Sandblast (safe; 1% risk of failure)
Press: ? - help, Shift-Dir - straight line, f/p - Dowan
Aim: Dowan, wielding a +0 dagger, wearing a +0 robe and carrying a wand of flame (15) (moderately wounded, ally target, 76% to hit)
The blast of sand hits Dowan!
Dowan is severely wounded.
Duvessa hits your butterfly with a +3 rapier of protection!
Your butterfly dies!
Your butterfly disappears in a burst of colours!
Casting: Sandblast (safe; 1% risk of failure)
Confirm with . or Enter, or press ? or * to list all spells.
Aiming: Sandblast (safe; 1% risk of failure)
Press: ? - help, Shift-Dir - straight line, f/p - Dowan
Aim: Dowan, wielding a +0 dagger, wearing a +0 robe and carrying a wand of flame (15) (severely wounded, ally target, 76% to hit)
The blast of sand hits Dowan!
You kill Dowan!
Duvessa weeps, and shakes her weapon.
Duvessa goes berserk!
Duvessa rages.
Casting: Sandblast (safe; 1% risk of failure)
Confirm with . or Enter, or press ? or * to list all spells.
Aiming: Sandblast (safe; 1% risk of failure)
Press: ? - help, Shift-Dir - straight line, f - Duvessa
Aim: Duvessa, wielding a +3 rapier of protection and wearing a +0 scale mail (berserk, ally target, 87% to hit)
The blast of sand misses Duvessa.
Duvessa hits you with a +3 rapier of protection!
Duvessa barely misses you.
Casting: Sandblast (safe; 1% risk of failure)
Confirm with . or Enter, or press ? or * to list all spells.
You don't know that spell.
As you read the scroll of teleportation, it crumbles to dust.
You feel strangely unstable.
Duvessa hits you with a +3 rapier of protection!!
You die...

###.#.#.#.#..#.###
#..............#
..#.#.#.#.##(#.#
#.......bb##.#
..#.#.#.#b##.#
...........#b#
#.#.#.#.#..†.#
..........##.#
##..########@# ...
#e# ## #.# #.# #
#(# ###.###. #.#
.g...... ...
g##.#### ..b .#


You could see Duvessa (berserk, ally target).

Vanquished Creatures
  A necrophage (D:4)
  Dowan (D:4)
  A gnoll bouda (D:4)
  An adder (D:3)
  3 gnolls (D:4)
  2 dart slugs
  5 orcs (D:3)
  5 ball pythons
  5 endoplasms
  2 giant cockroaches (D:3)
  5 goblins
  11 hobgoblins
  4 jackals (D:4)
  3 quokkas
  4 bats
  3 frilled lizards
  6 kobolds
  A rat (D:3)
63 creatures vanquished.

Vanquished Creatures (others)
  11 plants (D:3)
11 creatures vanquished.

Grand Total: 74 creatures vanquished

Notes
Turn   | Place    | Note
-------+----------+-------------------------------------------
     0 | D:1      | hikkokomori the Demigod Earth Elementalist began the quest
                  | for the Orb.
     0 | D:1      | Reached XP level 1. HP: 14/14 MP: 5/5
   369 | D:1      | Reached skill level 3 in Earth Magic
   412 | D:1      | Reached XP level 2. HP: 20/20 MP: 2/7
  1502 | D:3      | Reached XP level 3. HP: 20/26 MP: 5/9
  2388 | D:4      | Noticed a necrophage
  2394 | D:4      | Killed a necrophage
  2395 | D:4      | Reached skill level 4 in Earth Magic
  2395 | D:4      | Reached XP level 4. HP: 21/33 MP: 5/11
  2575 | D:4      | Learned a level 3 spell: Stone Arrow
  2578 | D:4      | Learned a level 2 spell: Passwall
  2707 | D:4      | Reached XP level 5. HP: 38/38 MP: 4/13
  2829 | D:4      | Noticed Dowan
  2831 | D:4      | Noticed Duvessa
  2835 | D:4      | Killed Dowan
  2837 | D:4      | Slain by Duvessa

Illustrated notes

Levels and vault maps discovered:
D:1:      dpeg_arrival_line_fractal, layout_loops_ring
D:2:      layout_rooms, serial_bayou, serial_bayou_lake_a, serial_bayou_pond_c,
          serial_bayou_pond_c, serial_bayou_crossing
D:3:      layout_rooms, ebering_ecumenical_altar_mist, serial_bayou,
          serial_bayou_lagoon_a, serial_bayou_shore_a, serial_bayou_pond_c,
          serial_bayou_pond_b
D:4:      layout_basic, doesnt_xom_only_xom, serial_glass, glass_columns_c,
          glass_columns_b, item_on_display_a, item_on_display_a,
          item_on_display_a, uniq_duvessa, uniq_eustachio, uniq_robin

Skill      XL: |  1  2  3 |
---------------+----------+-----
Spellcasting   | 2 3 |  3.8
Earth Magic    | 3 4 |  4.7
Dodging        | |  1.7
Stealth        | |  1.7
Transmutations | |  0.8

Action                   |  1- 3 |  4- 6 || total
-------------------------+-------+-------++-------
Melee: Short sword       |     5 |       ||     5
       Mace              |       |     5 ||     5
 Cast: Sandblast         |    73 |    33 ||   106
  Use: Potion            |       |     6 ||     6
       Scroll            |       |     6 ||     6
Armor: Robe              |     2 |     1 ||     3
       Skin              |       |     6 ||     6
Dodge: Dodged            |    28 |    19 ||    47
Block: Other             |     2 |    11 ||    13
       Reflection        |       |     1 ||     1

Table legend: (Time is in decaauts)
 A = Elapsed time spent in this place.
 B = Non-inter-level travel time spent in this place.
 C = Inter-level travel time spent in this place.
 D = Time resting spent in this place.
 E = Time spent auto-exploring this place.
 F = Levels seen in this place.
 G = Mean time per level.
                   A        B        C        D        E       F      G
               +--------+--------+--------+--------+--------+-----+--------+
         Total |   2966 |   2904 |     62 |     88 |   2409 |   4 |  741.5 |
       Dungeon |   2966 |   2904 |     62 |     88 |   2409 |   4 |  741.5 |
               +--------+--------+--------+--------+--------+-----+--------+

Top non-repeatable levels by time:
     D:3: 894 daAuts
     D:1: 860 daAuts
     D:2: 710 daAuts
     D:4: 501 daAuts
